 Dungeon Crawl Stone Soup version 0.28.0 (webtiles) character file.

Game seed: 4219903999011155480

247 wakim the Skirmisher (level 5, 0/48 HPs)
             Began as a Minotaur Fighter on Feb 15, 2022.
             Killed from afar by an orc wizard (1 damage)
             ... with a puff of flame
             ... on level 3 of the Dungeon.
             The game lasted 00:06:12 (2797 turns).

wakim the Skirmisher (Minotaur Fighter)             Turns: 2797, Time: 00:06:13

Health: 0/48       AC:  8    Str: 22    XL:     5   Next: 85%
Magic:  0/4        EV:  9    Int:  5    God:
Gold:   110        SH:  5    Dex: 16    Spells: 4/4 levels left

rFire   + . .      SeeInvis .   a - +2 mace (holy)
rCold   . . .      Faith    .   c - +0 buckler
rNeg    . . .      Spirit   +   V - +0 scale mail
rPois   .          Reflect  .   (helmet restricted)
rElec   .          Harm     .   (no cloak)
rCorr   .          Rampage  .   J - +0 pair of gloves
Will    .....                   (no boots)
Stlth   ..........              Z - amulet of guardian spirit
HPRegen 0.16/turn               O - ring of protection from fire
MPRegen 0.09/turn               W - +6 ring of dexterity

@: no status effects
A: horns 2, retaliatory headbutt
a: no special abilities


You were on level 3 of the Dungeon.
You visited 1 branch of the dungeon, and saw 4 of its levels.

You collected 110 gold pieces.

Inventory:

Hand Weapons
 a - a +2 mace of holy wrath (weapon)
 b - a +0 dagger of venom
 M - a +0 flail
Missiles
 I - a throwing net (quivered) {=f!f}
Armour
 c - a +0 buckler (worn)
 J - a +0 pair of gloves (worn)
 V - a +0 scale mail (worn)
Jewellery
 O - a ring of protection from fire (left hand)
 W - a +6 ring of dexterity (right hand)
 Z - an amulet of guardian spirit (around neck)
Scrolls
 Q - a scroll of identify {unknown}
 S - 4 scrolls of enchant armour {unknown}
 T - a scroll of fear {unknown}
 U - 2 scrolls of amnesia {unknown}
 X - a scroll of teleportation {unknown}
 Y - a scroll of fog {unknown}
Potions
 K - a potion of degeneration {unknown}
 L - 2 potions of heal wounds {unknown}
 N - a potion of might
 P - a potion of curing {unknown}
 R - 2 potions of flight {unknown}


   Skills:
 * Level 5.4 Fighting
 * Level 4.6 Maces & Flails
 + Level 4.7 Armour
 + Level 4.6 Shields


You had 4 spell levels left.
You didn't know any spells.
Your spell library was empty.

Dungeon Overview and Level Annotations

Branches:
Dungeon (4/15)
 Temple: D:4-7

Altars:

Shops:
D:3 [


Innate Abilities, Weirdness & Mutations

You have a pair of horns on your head.
You reflexively headbutt those who attack you in melee.


Message History

You hear some strange, mumbled words.
You are more confused.
You feel sick.
The orc priest looks braver for a moment.
Something hits you but does no damage.
You are more poisoned.
You climb upwards.
Reactivating autopickup.
You feel very sick.
There is a stone staircase leading down here.
Deactivating autopickup; reactivate with Ctrl-A.
You completely miss something.
You feel very sick. Something hits you but does no damage.
You are more poisoned.
You miss something. You headbutt something!
You feel very sick.
You hear some strange, mumbled words.
A puff of flame appears from out of thin air!
The puff of flame hits you. You resist.
* * * LOW HITPOINT WARNING * * *
You feel very sick.
You feel very sick.
You feel less confused.
You feel very sick.
You feel sick.
You feel sick.
You feel sick.
You feel sick.
You feel sick.
A magic dart appears from out of thin air!
The magic dart hits you!
* * * LOW HITPOINT WARNING * * *
* * * LOW HITPOINT WARNING * * *
You feel sick.
* * * LOW HITPOINT WARNING * * *
You feel sick.
You are no longer poisoned.
A puff of flame appears from out of thin air!
The puff of flame hits you. You resist.
You die...

############# #...........##
#)#.#{####...######
##.....#....#>......
##############..#.#.#.##...######
#...............@...#.###.##
#.#####.........###...# #.#
#....(..#####...# ###.# #.#
#..###### #...# #.# #.# #..#
#...#####.###.# #..#
####.............#
...#######...........<#####
##......(..##..######## #########
##.##########..##########........


There were no monsters in sight!

Vanquished Creatures
  A black bear (D:3)
  An orc wizard (D:3)
  2 adders
  4 gnolls (D:3)
  An adder skeleton (D:3)
  2 worms (D:2)
  3 orcs (D:3)
  4 endoplasms
  3 giant cockroaches (D:2)
  7 goblins
  7 hobgoblins
  5 jackals
  4 kobolds
  3 quokkas
  4 ball pythons
  2 bats
  4 frilled lizards
  5 rats
62 creatures vanquished.

Notes
Turn   | Place    | Note
-------+----------+-------------------------------------------
     0 | D:1      | wakim the Minotaur Fighter began the quest for the Orb.
     0 | D:1      | Reached XP level 1. HP: 19/19 MP: 0/0
   234 | D:1      | Reached XP level 2. HP: 26/27 MP: 1/1
   397 | D:1      | Reached skill level 4 in Fighting
   459 | D:1      | Found a faded altar of an unknown god.
   788 | D:2      | !bestwep
   912 | D:2      | Reached XP level 3. HP: 29/33 MP: 2/2
  1125 | D:2      | You fall into a shaft and drop 1 floor!
  1148 | D:3      | Noticed a black bear
  1163 | D:3      | Killed a black bear
  1164 | D:3      | Reached XP level 4. HP: 20/41 MP: 3/3
  1170 | D:3      | Reached XP level 5. HP: 23/47 MP: 4/4
  1420 | D:3      | !bestwep
  1421 | D:3      | Reached skill level 5 in Fighting
  1447 | D:3      | Found Mitsutei's Armour Shoppe.
  2016 | D:2      | !bestwep
  2796 | D:3      | HP: 2/48 [poisoned by an orc wizard]
  2797 | D:3      | Killed from afar by an orc wizard

Illustrated notes #####+### #.......# #.....@.# #.....†<# #......†# #####+### Turn 788 on D:2: !bestwep

####.###.####..#
#.## ##......#######
##.###.#####......(.
##.#.######.#######
##..##.....#
##.##.###.# ##...#.#
#.# ####......#
#.########
#.....)...#
#..@o$...#
#.##.....##
#.###...#.#
##.###...## #.#
o#... ........## #.#
?. . ##.###### #.#
.. #.# #.# o# #.#
..# . #.# ## #.#


Turn 1420 on D:3: !bestwep ### ..# #.# #.# #.# #.# #@# #####'#### #........#
#........# #........# #........# #........########### #########..........#
#.########.# Turn 2016 on D:2: !bestwep

Levels and vault maps discovered:
D:1:      nzn_arrival_crosshair, layout_loops_ring, basic_ecumenical_altar,
          minmay_tromino_i2
D:2:      layout_basic
D:3:      layout_loops_ring, serial_glass, glass_columns_b, glass_columns_a,
          serial_shops, nicolae_diamond_shop
D:4:      layout_loops_ring, nzn_wu_jian_council_hall

Skill      XL: |  1  2  3  4  5 |
---------------+----------------+-----
Fighting       | 4 5 |  5.4
Maces & Flails | 3 4 |  4.6
Armour         | 4 |  4.7
Shields        | 4 |  4.6

Action                   |  1- 3 |  4- 6 || total
-------------------------+-------+-------++-------
Melee: Flail             |    58 |    53 ||   111
       Headbutt          |    11 |    17 ||    28
       Dagger            |     7 |     8 ||    15
       Mace              |       |    31 ||    31
Armor: Scale mail        |    28 |    31 ||    59
Dodge: Dodged            |    31 |    21 ||    52
Block: Buckler           |    10 |    17 ||    27
